 Dungeon Crawl Stone Soup version 0.23.1 (webtiles) character file.

Game seed: 0

432 redwoodhats the Skirmisher (level 7, -3/108 HPs)
             Began as an Ogre Berserker on Mar 19, 2019.
             Was a Priest of Trog.
             Slain by a centaur (9 damage)
             ... on level 5 of the Dungeon on Mar 20, 2019.
             The game lasted 00:22:06 (4140 turns).

redwoodhats the Skirmisher (Ogre Berserker)         Turns: 4140, Time: 00:22:06

Health: -3/108     AC:  3    Str: 27    XL:     7   Next: 0%
Magic:  7/7        EV: 11    Int:  8    God:    Trog [***...]
Gold:   262        SH:  0    Dex: 10    Spells: 6/6 levels left

rFire    x . .     SeeInvis .   h - +2 war axe (freeze)
rCold    + . .     Gourm    .   (no shield)
rNeg     . . .     Faith    .   b - +0 animal skin
rPois    .         Spirit   .   (helmet restricted)
rElec    .         Reflect  .   (no cloak)
rCorr    .         Harm     .   (gloves unavailable)
MR       .....                  (boots unavailable)
Stlth    ..........             (no amulet)
HPRegen  0.28/turn              g - ring of ice
MPRegen  0.10/turn              (no ring)

@: berserking, very quick
A: large, unfitting armour, tough skin 1
a: Berserk, Trog's Hand, Renounce Religion


You were on level 5 of the Dungeon.
You worshipped Trog.
Trog was most pleased with you.
You were not hungry.

You visited 1 branch of the dungeon, and saw 5 of its levels.

You collected 262 gold pieces.

Inventory:

Hand Weapons
 a - a +0 hand axe
 e - a +0 hunting sling of flaming
 h - a +2 war axe of freezing (weapon)
 m - a +3 dagger
 s - a cursed -3 trident
 t - a +0 hand crossbow
Missiles
 j - 21 sling bullets
 k - 8 javelins (quivered)
Armour
 b - a +0 animal skin (worn)
 f - a +0 buckler
Jewellery
 g - a ring of ice (left hand)
 l - a cursed -2 ring of intelligence
 p - a cursed amulet of inaccuracy
Wands
 d - a wand of iceblast (2)
 n - a wand of random effects (18)
 u - a wand of paralysis (11)
Scrolls
 i - a scroll of noise
 o - 4 scrolls of remove curse
 q - 3 scrolls of magic mapping
 r - a scroll of fear {unknown}
Comestibles
 c - 5 rations


   Skills:
 + Level 5.6 Fighting
 + Level 5.4 Axes
 + Level 2.2 Throwing
 + Level 3.8 Dodging
 + Level 1.1 Stealth


You had 6 spell levels left.
You didn't know any spells.
Your spell library was empty.

Dungeon Overview and Level Annotations

Branches:
Dungeon (5/15)
 Temple: D:4-7

Altars:
Okawaru

Annotations:
D:5 1 runed translucent door, kali666's ghost, novice HuFi


Innate Abilities, Weirdness & Mutations

You are too large for most types of armour.
You have tough skin. (AC +1)


Message History

* * * LOW HITPOINT WARNING * * *
You slash the centaur! You freeze the centaur.
The centaur is heavily wounded.
The centaur hits you.
* * * LOW HITPOINT WARNING * * *
The centaur closely misses you.
A red film seems to cover your vision as you go berserk!
You feel yourself moving faster!
You feel mighty!
You feel a lot more hungry. The centaur hits you!
* * * LOW HITPOINT WARNING * * *
You barely miss the centaur.
The centaur is heavily wounded.
The centaur barely misses you.
You completely miss the centaur.
The centaur is heavily wounded.
The centaur hits you but does no damage.
You hit the centaur. You freeze the centaur.
The centaur is almost dead.
The centaur hits you!
You die...

... .... # ......# # ...
.># # .)...# .<. ..#.#
.... .# #...###..... ..
######.#......... ..
##.......c@.##..... .#
..######.#.(....... .#
#..........(....###
.######........!.(....#..
.#......#####....(......$
.#.####.........(........
...###...................
#####...(................
##+##................


You could see a centaur.

Vanquished Creatures
  An ogre (D:5)
  A scorpion (D:4)
  A howler monkey (D:4)
  An orc priest (D:4)
  A jelly (D:5)
  Ijyb (D:3)
  3 adders
  3 oozes
  An adder zombie (D:5)
  3 worms
  2 dart slugs
  3 leopard geckos (D:3)
  11 orcs
  5 giant cockroaches
  6 goblins
  11 hobgoblins
  2 quokkas
  2 ball pythons
  9 bats
  11 frilled lizards
  5 kobolds
  7 rats
90 creatures vanquished.

Vanquished Creatures (others)
  An orc wizard (D:4)
1 creature vanquished.

Grand Total: 91 creatures vanquished

Notes
Turn   | Place    | Note
-------+----------+-------------------------------------------
     0 | D:1      | redwoodhats the Ogre Berserker began the quest for the Orb.
     0 | D:1      | Reached XP level 1. HP: 24/24 MP: 1/1
   364 | D:1      | Reached XP level 2. HP: 28/32 MP: 2/2
   974 | D:2      | Reached XP level 3. HP: 25/40 MP: 3/3
  1343 | D:2      | Reached ** piety under Trog
  1609 | D:2      | Reached XP level 4. HP: 26/49 MP: 4/4
  2108 | D:3      | Reached skill level 5 in Fighting
  2492 | D:3      | Reached XP level 5. HP: 55/57 MP: 5/5
  2547 | D:3      | Noticed Ijyb
  2562 | D:3      | Killed Ijyb
  2656 | D:3      | Reached *** piety under Trog
  2657 | D:3      | Reached skill level 1 in Throwing
  3140 | D:4      | Reached skill level 5 in Axes
  3140 | D:4      | Reached XP level 6. HP: 53/66 MP: 6/6
  3225 | D:4      | Found an iron altar of Okawaru.
  3913 | D:5      | Entered Level 5 of the Dungeon
  3933 | D:5      | Reached skill level 1 in Stealth
  4102 | D:5      | Found a runed translucent door.
  4102 | D:5      | Noticed a tengu conjurer
  4102 | D:5      | Noticed kali666's ghost (novice HuFi)
  4122 | D:5      | Reached XP level 7. HP: 68/72 MP: 7/7
  4137 | D:5      | HP: 5/108 [centaur (10)]
  4140 | D:5      | Slain by a centaur

Skill      XL: |  1  2  3  4  5  6 |
---------------+-------------------+-----
Dodging        | 3 |  3.8
Axes           | 4 5 |  5.4
Fighting       | 5 |  5.6
Throwing       | 1 2 |  2.2
Stealth        | 1 |  1.1

Action                   |  1- 3 |  4- 6 |  7- 9 || total
-------------------------+-------+-------+-------++-------
Melee: Hand axe          |    78 |       |       ||    78
       War axe           |    35 |    97 |     4 ||   136
Throw: Javelin           |    11 |    43 |       ||    54
Invok: Trog's Hand       |       |     1 |       ||     1
       Berserk           |       |       |     1 ||     1
  Use: Scroll            |     4 |     8 |       ||    12
       Potion            |     2 |     3 |       ||     5
  Eat: Chunk             |     2 |     3 |       ||     5
       Ration            |       |     2 |       ||     2
Armor: Animal skin       |    45 |    21 |     2 ||    68
Dodge: Dodged            |    72 |    89 |     2 ||   163
